 Dungeon Crawl Stone Soup version 0.18.1-50-g88ac8fd (webtiles) character file.

78 Gaplan the Gusty (level 4, -5/24 HPs)
             Began as a Deep Elf Air Elementalist on Oct 26, 2016.
             Killed from afar by Sigmund (7 damage)
             ... with a magic dart
             ... on level 2 of the Dungeon.
             The game lasted 00:08:09 (2120 turns).

Gaplan the Gusty (Deep Elf Air Elementalist)        Turns: 2120, Time: 00:08:09

Health: -5/24      AC:  2    Str:  5    XL:     4   Next: 15%
Magic:  4/11       EV: 13    Int: 21    God:
Gold:   103        SH:  0    Dex: 15    Spells: 3 memorised, 4 levels left

rFire  . . .     SeeInvis .     q - +0 dagger (speed)
rCold  . . .     Gourm    .     a - +0 robe
rNeg   . . .     Faith    .     (no shield)
rPois  .         Spirit   .     (no helmet)
rElec  .         Dismiss  .     (no cloak)
rCorr  .         Reflect  .     (no gloves)
SustAt .         Harm     .     (no boots)
MR     .....                    (no amulet)
Stlth  ++........               (no ring)
                                (no ring)

@: very slightly contaminated, invisible, not resistant to hostile enchantments,
unstealthy
A: no striking features
a: no special abilities


You were on level 2 of the Dungeon.
You were not hungry.

You visited 1 branch of the dungeon, and saw 2 of its levels.

You collected 103 gold pieces.

Inventory:

Hand Weapons
 k - a +0 club
 q - a +0 dagger of speed (weapon)
Armour
 a - a +0 robe (worn)
Jewellery
 v - an uncursed ring of resist corrosion {unknown}
Wands
 m - a wand of iceblast (11/15)
Scrolls
 d - a scroll of fog {unknown}
 g - a scroll of amnesia {unknown}
 h - a scroll of recharging {unknown}
 j - a scroll of enchant armour {unknown}
 l - 2 scrolls of identify {unknown}
 p - a scroll of fear {unknown}
 r - a scroll of remove curse {unknown}
Potions
 e - a potion of haste {unknown}
 f - a potion of agility {unknown}
 n - a potion of magic {unknown}
 s - a potion of brilliance {unknown}
 u - a potion of cure mutation {unknown}
 w - a potion of degeneration {unknown}
Books
 b - a book of Air

   Spells                             Type                      Level
   a - Shock                          Conjuration/Air              1
   b - Swiftness                      Charms/Air                   2
   c - Repel Missiles                 Charms/Air                   2
   d - Static Discharge               Conjuration/Air              3
   e - Lightning Bolt                 Conjuration/Air              5
Comestibles
 c - a bread ration
 i - a meat ration
 t - a beef jerky


   Skills:
 + Level 2.6 Dodging
 + Level 3.0 Stealth
 + Level 3.6 Spellcasting
 + Level 2.0 Conjurations
 * Level 4.1 Air Magic


You had 4 spell levels left.
You knew the following spells:

 Your Spells              Type           Power        Failure   Level  Hunger
a - Shock                 Conj/Air       ###.         4%          1    None
b - Swiftness             Chrm/Air       ##......     12%         2    ##.....
c - Static Discharge      Conj/Air       ###.....     14%         3    ###....


Dungeon Overview and Level Annotations

Branches:
Dungeon (2/15)

Altars:

Annotations:
D:2 Sigmund


Message History

Sigmund closely misses you.
Sigmund smiles chillingly.
Sigmund barely misses you. Sigmund gestures at you while chanting.
You are confused.
You bump into the rock wall.
Sigmund giggles. "Time to reap what you sow."
Sigmund points at you and mumbles some strange words.
The puff of flame hits you!
You bump into the rock wall.
You no longer feel sluggish.
You bump into the rock wall.
Sigmund hits you from afar with a scythe.
* * * LOW HITPOINT WARNING * * *
You fade into invisibility!
You feel less confused. Sigmund closely misses you.
Unknown command.
Sigmund gestures at something while chanting.
The magic dart hits you!
You die...

#..# ###..#.# #.#.# #..#
#..<.#.# #.#.# ##..#
#.##.#.# #.#.# #...#
#.##.#.# #.#.# #.#.#
#.##.#.# #.#.# ##
#.#.#####.##.#.### #.#.# #.
#@#....@.........# #.#.# #.
#.#######...####.###.#.####.
#.# ###@# #[##......... #.#
#.# #.##..####.#. #.# #.#
#.##..####.#. #.# #.#
#..........#. #.# #.#
####..###..#. #.# #.. ...#
#.... ##.## ### ##.......#.
#...# #......... #.........#
#.########


You could see Sigmund.

Vanquished Creatures
  Ijyb (D:1)
  An adder (D:2)
  An ooze (D:1)
  A dart slug (D:2)
  A giant gecko (D:1)
  2 bats
  2 giant cockroaches (D:1)
  6 goblins
  6 hobgoblins (D:1)
  4 kobolds
  A quokka (D:2)
  2 ball pythons
  5 giant newts (D:1)
  3 rats
36 creatures vanquished.

Notes
Turn   | Place    | Note
--------------------------------------------------------------
     0 | D:1      | Gaplan the Deep Elf Air Elementalist began the quest for the Orb.
     0 | D:1      | Reached XP level 1. HP: 10/10 MP: 6/6
   307 | D:1      | Reached XP level 2. HP: 15/15 MP: 2/8
   362 | D:1      | Learned a level 2 spell: Swiftness
  1002 | D:1      | Reached XP level 3. HP: 17/19 MP: 3/9
  1246 | D:2      | Learned a level 3 spell: Static Discharge
  1266 | D:2      | Noticed Ijyb
  1326 | D:1      | Killed Ijyb
  1326 | D:1      | Reached skill level 4 in Air Magic
  1870 | D:2      | Reached XP level 4. HP: 24/24 MP: 2/11
  2080 | D:2      | Noticed Sigmund
  2120 | D:2      | Killed from afar by Sigmund

Skill      XL: |  1  2  3 |
---------------+----------+-----
Air Magic      | 4 |  4.1
Stealth        | 3 |  3.0
Conjurations   | 2 |  2.0
Dodging        | |  2.6
Spellcasting   | |  3.6

Action                   |  1- 3 |  4- 6 || total
-------------------------+-------+-------++-------
Melee: Unarmed           |     4 |       ||     4
       Club              |     1 |       ||     1
 Cast: Shock             |    79 |    11 ||    90
       Swiftness         |     2 |     1 ||     3
       Static Discharge  |     3 |     1 ||     4
  Use: Potion            |       |     1 ||     1
  Eat: Chunk             |     3 |     1 ||     4
Armor: Robe              |     2 |       ||     2
Dodge: Dodged            |    18 |     5 ||    23
